 Dungeon Crawl Stone Soup version 0.27-a0-920-gb2bd10914a (webtiles) character file.

Game seed: 6232969574038947439

2067 robertstho the Thaumaturge (level 9, -10/94 HPs)
             Began as a Djinni Fire Elementalist on Apr 9, 2021.
             Was an Initiate of Makhleb.
             Mangled by Erica
             ... wielding a +4 scimitar of flaming
              (19 damage)
             ... on level 8 of the Dungeon.
             The game lasted 00:10:35 (8609 turns).

robertstho the Thaumaturge (DjFE)                   Turns: 8609, Time: 00:10:36

Health: -10/94     AC:  5    Str:  7    XL:     9   Next: 26%
Gold:   1238       EV: 13    Int: 20    God:    Makhleb [......] SH:  0 Dex: 14

rFire    + + .     SeeInvis +   f - +2 dagger (venom)
rCold    x . .     Faith    .   (no shield)
rNeg     . . .     Spirit   .   a - +0 robe
rPois    ∞         Reflect  .   o - +1 helmet
rElec    .         Harm     .   y - +0 cloak
rCorr    .         Rampage  .   (no gloves)
Will     .....                  (boots unavailable)
Stlth    ..........             (no amulet)
HPRegen  0.25/turn              j - ring of wizardry
MPRegen  0.00/turn              g - ring of see invisible

@: berserking, flying, very quick
A: fire resistance 2, cold vulnerability 1, float, innate caster, hp casting,
extra vitality 1
a: Renounce Religion


You were on level 8 of the Dungeon.
You worshipped Makhleb.
Makhleb was noncommittal.
You visited 2 branches of the dungeon, and saw 9 of its levels.
You also visited: Ossuary.

You collected 1238 gold pieces.

Inventory:

Hand Weapons
 e - a +2 dagger of speed
 f - a +2 dagger of venom (weapon)
 B - a +5 long sword of freezing
Missiles
 k - 6 curare-tipped darts
 z - 2 throwing nets
Armour
 a - a +0 robe (worn)
 o - a +1 helmet (worn)
 y - a +0 cloak (worn)
Jewellery
 g - a ring of see invisible (right hand)
 j - a ring of wizardry (left hand)
Scrolls
 b - 9 scrolls of teleportation
 c - a scroll of silence {unknown}
 h - a scroll of fog {unknown}
 i - 2 scrolls of fear
 l - a scroll of magic mapping {unknown}
 n - 2 scrolls of amnesia {unknown}
 q - a scroll of vulnerability {unknown}
 x - a scroll of summoning {unknown}
 C - a scroll of enchant armour {unknown}
Potions
 d - a potion of attraction
 m - a potion of lignification
 p - 3 potions of haste {unknown}
 r - a potion of mutation {unknown}
 s - 3 potions of curing {unknown}
 t - 4 potions of flight {unknown}
 u - 2 potions of cancellation
 v - 2 potions of might {unknown}
 w - a potion of berserk rage
 A - a potion of invisibility {unknown}


   Skills:
 * Level 4.3 Fighting
 + Level 1.1 Short Blades
 + Level 3.6 Dodging
 + Level 3.3 Stealth
 * Level 8.8 Spellcasting
 * Level 0.4 Invocations


You couldn't memorise any spells.
You knew the following spells:

 Your Spells              Type           Power      Damage    Failure   Level
a - Foxfire               Conj/Fire      100%       2x1d9     1%          1
b - Conjure Flame         Conj/Fire      44%        6-21      1%          3
c - Inner Flame           Hex/Fire       44%        N/A       1%          3
d - Sticky Flame          Conj/Fire      44%        2d6       1%          4
e - Fireball              Conj/Fire      22%        3d10      2%          5
f - Magic Dart            Conj           100%       1d8       1%          1
g - Blink                 Tloc           N/A        N/A       1%          2
h - Vampiric Draining     Necr           22%        2d9       1%          3
i - Portal Projectile     Hex/Tloc       88%        N/A       1%          3
Your spell library was empty.

Dungeon Overview and Level Annotations

Branches:
Dungeon (8/15)             Temple (1/1) D:7         Ossuary (visited)
   Lair: D:8-11

Altars:
Ashenzari
Cheibriados
Dithmenos
Elyvilon
Fedhas
Gozag
Hepliaklqana
Kikubaaqudgha
Makhleb
Okawaru
Sif Muna
Trog
Uskayaw
Vehumet
Wu Jian
Xom
Yredelemnul
Zin
The Shining One

Annotations:
D:1 1 runed translucent door
D:8 Erica, Grum


Innate Abilities, Weirdness & Mutations

You are immune to poison.
Your flesh is very heat resistant. (rF++)
You are vulnerable to cold. (rC-)
You float through the air rather than walking.
You learn spells naturally, not from books.
Your magical power is your life essence.
You have superior vitality. (+4 HP)


Message History

The fireball explodes!
The fireball engulfs Erica.
Erica resists.
Erica is moderately wounded.
Erica burns!
Casting: Fireball (dangerous; 2% risk of failure)
Confirm with . or Enter, or press ? or * to list all spells.
Okay, then.
You barely miss Erica.
Erica is moderately wounded.
Erica burns!
Erica hits you with a +4 scimitar of flaming!
Erica burns you.
You hit Erica but do no damage.
Erica is poisoned.
Erica is heavily wounded.
Erica burns!
Erica hits you with a +4 scimitar of flaming!
Erica burns you.
* * * LOW HITPOINT WARNING * * *
Unknown command.
Erica burns!
Erica stops burning.
Casting: Fireball (dangerous; 2% risk of failure)
Confirm with . or Enter, or press ? or * to list all spells.
Aiming: Sticky Flame (dangerous; 1% risk of failure)
Press: ? - help, Shift-Dir - straight line, f/p - Erica
Aim: Erica, wielding a +4 scimitar of flaming, wearing a +1 robe of fire resistance and carrying a wand of acid (7) (heavily wounded, slightly transparent, very poisoned, 0% to evade)
The sticky flame hits Erica.
Erica resists.
Erica is heavily wounded.
Erica is covered in liquid flames!
* * * LOW HITPOINT WARNING * * *
Erica burns!
Erica hits you with a +4 scimitar of flaming!
* * * LOW HITPOINT WARNING * * *
Your magical contamination has completely faded away.
A red film seems to cover your vision as you go berserk!
You feel yourself moving faster!
You feel mighty!
Erica burns!
Erica closely misses you.
You hit Erica.
Erica looks even sicker.
Erica is severely wounded.
Erica burns!
Erica hits you with a +4 scimitar of flaming!!
You die...

#.##+....###...
#.#.............
#...............
###.........##### +#
#................. .### #.
#.>#.........####+#...# ...
.......##..........##.# ...#
.###................#.##.....
.#$#....#....@@.........#
.###..#.#...........#.#.#
................'#.#.# #
...####.......'....#
######.......'#+###.#
#.................#
#.................+
#................##
#........)....#+##


You could see Erica (invisible, burning, very poisoned).

Vanquished Creatures
  A water moccasin (D:5)
  Duvessa (D:6)
  3 sky beasts
  An ice beast (D:6)
  A necrophage (D:5)
  3 ogres
  2 bullfrogs (D:7)
  A scorpion (D:5)
  A water moccasin zombie (D:6)
  Dowan (D:6)
  4 wights (D:6)
  2 centaur zombies (D:7)
  A hound (D:7)
  A jelly (D:4)
  An orc priest (D:6)
  A gnoll shaman (D:4)
  3 iguanas (D:5)
  A centaur skeleton (D:7)
  An orc wizard (D:4)
  8 mummies (Ossuary)
  A howler monkey zombie (D:8)
  Robin (D:2)
  5 adders
  13 gnolls
  A shadow imp (D:6)
  2 ufetubi
  2 adder skeletons
  3 dart slugs
  9 orcs
  3 endoplasms
  A giant cockroach (D:3)
  2 gnoll zombies (Ossuary)
  4 hobgoblins
  9 jackals
  3 quokkas
  2 ball pythons
  8 bats
  4 frilled lizards
  11 goblins
  A hobgoblin zombie (Ossuary)
  4 kobolds
  A kobold zombie (Ossuary)
  4 orc zombies (Ossuary)
  2 rats
134 creatures vanquished.

Vanquished Creatures (others)
  424 foxfires
424 creatures vanquished.

Grand Total: 558 creatures vanquished

Notes
Turn   | Place    | Note
-------+----------+-------------------------------------------
     0 | D:1      | robertstho the Djinni Fire Elementalist began the quest for
                  | the Orb.
     0 | D:1      | Reached XP level 1. HP: 15/15 MP: 0/0
     1 | D:1      | Found a runed translucent door.
   419 | D:1      | Reached skill level 3 in Spellcasting
   419 | D:1      | Reached XP level 2. HP: 18/21 MP: 0/0
   968 | D:2      | Reached skill level 1 in Fighting
  1410 | D:2      | Noticed Robin
  1414 | D:2      | Reached XP level 3. HP: 24/27 MP: 0/0
  1414 | D:2      | Learned a level 1 spell: Magic Dart
  1433 | D:2      | Killed Robin
  2554 | D:3      | Reached XP level 4. HP: 29/32 MP: 0/0
  2884 | D:3      | Found a faded altar of an unknown god.
  3457 | D:4      | Found a sand-covered staircase.
  3494 | Ossuary  | Entered an ossuary
  3518 | Ossuary  | Reached skill level 4 in Spellcasting
  3518 | Ossuary  | Reached XP level 5. HP: 20/37 MP: 0/0
  3518 | Ossuary  | Learned a level 2 spell: Blink
  4001 | Ossuary  | Identified a scroll of acquirement
  4002 | Ossuary  | Acquired 665 gold pieces
  4068 | D:4      | Reached skill level 1 in Short Blades
  4068 | D:4      | Reached XP level 6. HP: 24/43 MP: 0/0
  4382 | D:4      | Found a glowing golden altar of the Shining One.
  4393 | D:4      | Reached skill level 5 in Spellcasting
  5023 | D:5      | Entered Level 5 of the Dungeon
  5026 | D:5      | Reached XP level 7. HP: 48/49 MP: 0/0
  5026 | D:5      | Learned a level 3 spell: Vampiric Draining
  5572 | D:5      | Reached skill level 6 in Spellcasting
  5997 | D:5      | Reached XP level 8. HP: 55/56 MP: 0/0
  6194 | D:5      | Reached skill level 7 in Spellcasting
  6782 | D:6      | Noticed Dowan
  6783 | D:6      | Noticed Duvessa
  6789 | D:6      | Killed Dowan
  6790 | D:6      | Killed Duvessa
  6952 | D:6      | Reached skill level 8 in Spellcasting
  7274 | D:6      | Reached XP level 9. HP: 36/62 MP: 0/0
  7274 | D:6      | Learned a level 3 spell: Portal Projectile
  7935 | D:7      | Found a staircase to the Ecumenical Temple.
  7945 | Temple   | Entered the Ecumenical Temple
  8036 | Temple   | Became a worshipper of Makhleb the Destroyer
  8264 | D:7      | Identified the amulet "Jamm" {Spirit +Inv Fly rC+ Will-}
  8460 | D:8      | Noticed Grum
  8592 | D:8      | Noticed Erica
  8609 | D:8      | Mangled by Erica

Illustrated notes

Levels and vault maps discovered:
D:1:      dpeg_arrival_caged_fury, layout_loops_ring, serial_glass,
          glass_columns_b, glass_columns_c, glass_columns_c, glass_columns_a,
          serial_bayou_pond_b
D:2:      layout_loops_ring, st_stairs_8, nrook_mini_backslash,
          minmay_lizard_pond, uniq_robin
D:3:      layout_loops_cross, shapermc_ecumenical_altar_venn,
          grunt_decor_arrowhead, chequers_serial_rivers_small_a,
          minmay_distorted
D:4:      layout_cave_pools, overflow_temple_1_default, serial_column_ruins,
          column_ruins_hut, column_ruins_columns_straight, column_ruins_grid_4,
          column_ruins_open_tiny, column_ruins_open_large, column_ruins_grid_3,
          nicolae_ossuary_entry_false_entrances
D:5:      layout_gridville
D:6:      layout_loops_ring, uniq_duvessa
D:7:      layout_rooms, minmay_temple_entry_mist
D:8:      layout_basic, due_lair_maze_entry_diamond, item_on_display_a,
          uniq_erica, uniq_grum, uniq_joseph
Temple:   compressed_dpeg_circular_temple

Skill      XL: |  1  2  3  4  5  6  7  8 |
---------------+-------------------------+-----
Spellcasting   | 3 4 5 6 8 |  8.8
Fighting       | 1 2 3 4 |  4.3
Stealth        | 2 3 |  3.3
Short Blades   | 1 |  1.1
Dodging        | 3 |  3.6
Invocations    | |  0.4

Action                   |  1- 3 |  4- 6 |  7- 9 || total
-------------------------+-------+-------+-------++-------
Melee: Dagger            |    57 |       |     4 ||    61
 Cast: Foxfire           |    31 |   131 |    88 ||   250
       Fireball          |       |       |    24 ||    24
       Sticky Flame      |       |       |     9 ||     9
  Use: Scroll            |       |     7 |     2 ||     9
       Potion            |       |       |     1 ||     1
 Stab: Sleeping          |     1 |       |       ||     1
Armor: Robe              |    13 |     2 |    11 ||    26
Dodge: Dodged            |    45 |     6 |    41 ||    92

Table legend: (Time is in decaauts)
 A = Elapsed time spent in this place.
 B = Non-inter-level travel time spent in this place.
 C = Inter-level travel time spent in this place.
 D = Time resting spent in this place.
 E = Time spent auto-exploring this place.
 F = Levels seen in this place.
 G = Mean time per level.
                   A        B        C        D        E       F      G
               +--------+--------+--------+--------+--------+-----+--------+
         Total |   8606 |   8420 |    186 |   1317 |   6191 |  10 |  860.6 |
       Dungeon |   7966 |   7800 |    166 |   1112 |   5881 |   8 |  995.8 |
        Temple |    111 |     91 |     20 |      0 |     88 |   1 |  111.0 |
       Ossuary |    528 |    528 |      0 |    205 |    222 |   1 |  528.0 |
               +--------+--------+--------+--------+--------+-----+--------+

Top non-repeatable levels by time:
     D:5: 1645 daAuts
     D:2: 1365 daAuts
     D:6: 1267 daAuts
     D:4: 1209 daAuts
     D:3: 1122 daAuts
     D:1: 793 daAuts
 Ossuary: 528 daAuts
     D:7: 416 daAuts
     D:8: 146 daAuts
  Temple: 111 daAuts
